 Dungeon Crawl Stone Soup version 0.27-a0-380-g150de4c316 (webtiles) character file.

Game seed: 15358253202203558669

13129 sanka the Cleaver (level 12, -14/103 HPs)
             Began as a Ghoul Monk on Feb 17, 2021.
             Was a High Priest of Makhleb.
             Demolished by a komodo dragon (16 damage)
             ... on level 1 of the Lair of Beasts.
             The game lasted 00:24:44 (12619 turns).

sanka the Cleaver (Ghoul Monk)                     Turns: 12619, Time: 00:24:45

Health: -14/103    AC: 16    Str: 20    XL:     12   Next: 2%
Magic:  19/19      EV:  3    Int:  5    God:    Makhleb [*****.]
Gold:   244        SH:  7    Dex: 11    Spells: 11/11 levels left

rFire    . . .     SeeInvis .   a - +2 war axe (elec)
rCold    + . .     Faith    .   u - +0 kite shield
rNeg     + + +     Spirit   .   I - +0 plate armour
rPois    ∞         Reflect  .   J - +1 hat
rElec    .         Harm     .   (no cloak)
rCorr    .         Rampage  .   j - +0 pair of gloves
Will     +....                  (no boots)
Stlth    ..........             N - amulet of regeneration
HPRegen  0.00/turn              O - ring of willpower
MPRegen  0.16/turn              F - +4 ring of protection

@: no status effects
A: claws 1, cold resistance 1, negative energy resistance 3, inhibited
regeneration, torment resistance, unbreathing
a: Renounce Religion, Minor Destruction, Lesser Servant of Makhleb, Major
Destruction, Greater Servant of Makhleb


You were on level 1 of the Lair of Beasts.
You worshipped Makhleb.
Makhleb was extremely pleased with you.
You visited 2 branches of the dungeon, and saw 13 of its levels.

You collected 820 gold pieces.
You spent 576 gold pieces at shops.


Innate Abilities, Weirdness & Mutations

You thrive by killing the living.
You are immune to poison.
You have sharp fingernails.
Your flesh is cold resistant. (rC+)
You are immune to negative energy. (rN+++)
You do not regenerate when monsters are visible.
You are immune to unholy pain and torment.
You can survive without breathing.


   Skills:
 + Level 8.5 Fighting
 + Level 13.2 Axes
 - Level 2.6 Dodging
 - Level 2.1 Stealth
 + Level 10.8 Invocations


You had 11 spell levels left.
You didn't know any spells.
Your spell library contained the following spells:

 Spells                   Type           Power        Failure   Level
 Sting                    Tmut/Pois      0%           100%        1
 Poisonous Vapours        Pois/Air       0%           100%        2
 Ignite Poison            Fire/Tmut/Pois 0%           100%        3
 Mephitic Cloud           Conj/Pois/Air  0%           100%        3
 Olgreb's Toxic Radiance  Pois           0%           100%        4

Inventory:

Hand Weapons
 a - a +2 war axe of electrocution (weapon)
 b - a +0 dire flail
 T - a +0 broad axe
Missiles
 L - a curare-tipped dart (quivered) {=f}
Armour
 j - a +0 pair of gloves (worn)
 u - a +0 kite shield (worn)
 D - the +0 ring mail of Insecurity {Will+ rCorr Str+3}

   It affects your strength (+3).
   It affects your willpower, your defense against some magical effects.
   It provides partial protection from all sources of acid and corrosion.
 I - a +0 plate armour (worn)
 J - a +1 hat (worn)
Magical Staves
 c - a staff of air {unknown}
 t - a staff of fire {unknown}
Jewellery
 h - a ring of ice
 n - a ring of protection from cold
 r - a ring of see invisible
 x - a ring of wizardry
 F - a +4 ring of protection (right hand)
 K - a ring of magical power
 N - an amulet of regeneration (around neck)
 O - a ring of willpower (left hand)
 Q - a ring of protection from fire
 R - a ring of fire
Wands
 k - a wand of paralysis (5)
 w - a wand of iceblast (9)
 G - a wand of charming (26)
Scrolls
 d - 2 scrolls of immolation {!r}
 e - a scroll of enchant weapon
 o - 2 scrolls of amnesia
 q - 7 scrolls of teleportation {@r4}
 y - a scroll of magic mapping
 A - a scroll of blinking
 E - 2 scrolls of enchant armour {unknown}
 H - a scroll of silence {unknown}
 M - a scroll of fog {unknown}
 P - a scroll of summoning {unknown}
Potions
 f - a potion of flight
 g - a potion of cancellation {unknown}
 i - 5 potions of haste {unknown}
 l - a potion of mutation {unknown}
 m - a potion of invisibility {unknown}
 p - 2 potions of might
 s - a potion of magic {unknown}
 v - 2 potions of ambrosia
 z - a potion of curing {unknown}
 B - 2 potions of attraction {unknown}
 C - a potion of heal wounds {unknown}
 S - a potion of brilliance {unknown}
 U - a potion of berserk rage {unknown}

Dungeon Overview and Level Annotations

Branches:
Dungeon (12/15)            Temple (0/1) D:5            Lair (1/6) D:11
    Orc (0/2) D:10

Altars:
Fedhas
Kikubaaqudgha
Makhleb
Nemelex Xobeh
Okawaru
Vehumet
Wu Jian
Yredelemnul
Zin

Shops:
D:3 *   D:8 :*=(:   D:9 *

Portals:
Trove: D:10 (give 13 potions of heal wounds)

Annotations:
D:12 Nessos

.>..♣.....♣▒..▒... ..
.................▒
...
...▒▒▒....▒▒▒....▒
...▒
▒.▒▒▒....▒▒▒▒▒▒..▒
▒...▒ ▒▒.▒...▒..▒
▒.<.
▒...▒▒▒.▒...▒▒.▒▒
▒▒..▒ ▒....♣....▒..▒▒
▒▒..▒▒ ▒..S....▒▒▒▒▒
▒▒..▒▒ ▒▒..nl▒.▒.▒▒
▒...▒
▒▒4▒▒.....▒▒▒▒..▒▒
▒▒▒ ▒▒▒...f▒...▒▒
▒▒▒▒.▒▒▒▒.....▒..▒▒
▒.▒▒............▒▒
▒▒▒▒..............▒
▒▒▒................▒▒
▒.................▒▒
▒▒.................▒


You could see a komodo dragon (ally target), a water moccasin and a friendly
orange demon (summoned).


Message History

Your experience leads to an increase in your attributes!
Increase (s)trength, (i)ntelligence, or (d)exterity?
You feel stronger.
Your shield prevents you from hitting the komodo dragon.
The komodo dragon bites you but does no damage.
You slash the komodo dragon!
The komodo dragon is moderately wounded.
The komodo dragon bites you!!
* * * LOW HITPOINT WARNING * * *
You closely miss the komodo dragon.
The komodo dragon is moderately wounded.
The komodo dragon completely misses you.
The komodo dragon bites you!!
* * * LOW HITPOINT WARNING * * *
You hit the komodo dragon but do no damage.
The komodo dragon is moderately wounded.
The komodo dragon bites you but does no damage.
You completely miss the komodo dragon.
The komodo dragon is moderately wounded.
You block the komodo dragon's attack.
Okay, then.
A water moccasin comes into view.
The water moccasin hisses angrily.
The water moccasin moves out of view.
There is a stone staircase leading down here.
Use which ability? (? or * to list)
The water moccasin bites you.
* * * LOW HITPOINT WARNING * * *
The komodo dragon bites you!
You die...

Action                   |  1- 3 |  4- 6 |  7- 9 | 10-12 || total
-------------------------+-------+-------+-------+-------++-------
Melee: Hand axe          |   171 |   121 |       |       ||   292
       War axe           |       |    16 |   327 |   335 ||   678
Invok: Minor Destruction |       |    13 |    15 |    23 ||    51
       Lesser Servant of |       |       |     1 |    11 ||    12
       Greater Servant o |       |       |       |     1 ||     1
Evoke: Wand              |       |       |       |     1 ||     1
  Use: Scroll            |       |       |       |    12 ||    12
       Potion            |       |       |       |     1 ||     1
 Stab: Distracted        |       |       |       |     5 ||     5
Armor: Robe              |    15 |       |       |       ||    15
       Scale mail        |    45 |    49 |       |       ||    94
       Chain mail        |       |     6 |   142 |       ||   148
       Ring mail         |       |       |    29 |    73 ||   102
       Plate armour      |       |       |       |   186 ||   186
Dodge: Dodged            |   135 |    62 |   114 |    92 ||   403
Block: Kite shield       |       |       |    55 |   146 ||   201

Levels and vault maps discovered:
D:1:      psy_arrival_conway, layout_rooms, chequers_serial_rivers_small_3
D:2:      layout_basic, nicolae_overflow_crystal_walls,
          chequers_decorated_corner
D:3:      layout_loops_corners, nicolae_overflow_hidden_temple, zin_purify,
          vehumet_crystals
D:4:      layout_basic, eino_tiny_chamber, uniq_blork_the_orc
D:5:      minmay_clustersquares, layout_cave_pools, minmay_temple_entry_ruins,
          serial_gnoll_camp, gnoll_camp_mini_hut, gnoll_camp_mini_hut,
          gnoll_camp_mini_loothouse, gnoll_camp_mini_house, gnoll_camp_mini_hut
D:6:      layout_loops_cross, chequers_temple_overflow_minitemple
D:7:      layout_loops_cross, lemuel_round_altar
D:8:      layout_cave_pools, serial_shops, shop, shop_statue,
          nicolae_shop_window_shopping, nicolae_shop_trees, kennysheep_mini,
          minivault_24
D:9:      layout_basic, serial_shops, kennysheep_little_box
D:10:     layout_gridville, orc_0_dummy, enter_trove_2, serial_rivers,
          chequers_serial_rivers_micro_b, chequers_serial_rivers_small_3,
          chequers_serial_rivers_room_a, chequers_serial_rivers_micro_c,
          minmay_misc_feat_square, minmay_quadrilaterals
D:11:     layout_roguey, grunt_lair_entry_orc_guard_hut, gammafunk_ghost_icy,
          minmay_misc_feat_hallway
D:12:     layout_cross, basic_altar, evilmike_butchery, uniq_nessos, uniq_psyche
Lair:1:   layout_cave_pods, beast_lair_carwin_9, grunt_megastairs_5

Notes
Turn   | Place    | Note
-------+----------+-------------------------------------------
     0 | D:1      | sanka the Ghoul Monk began the quest for the Orb.
     0 | D:1      | Reached XP level 1. HP: 19/19 MP: 0/0
   247 | D:1      | Reached skill level 3 in Axes
   247 | D:1      | Reached XP level 2. HP: 25/26 MP: 1/1
   747 | D:1      | Reached XP level 3. HP: 22/33 MP: 2/2
   858 | D:1      | Reached skill level 4 in Fighting
  1422 | D:2      | Found a burning altar of Makhleb.
  1434 | D:2      | Became a worshipper of Makhleb the Destroyer
  1434 | D:2      | Reached * piety under Makhleb
  1434 | D:2      | Reached ** piety under Makhleb
  2000 | D:2      | Reached skill level 1 in Invocations
  2146 | D:3      | Reached XP level 4. HP: 34/40 MP: 3/3
  2329 | D:3      | Found a radiant altar of Vehumet.
  2397 | D:3      | Found a glowing silver altar of Zin.
  2398 | D:3      | Found Zin's Purification Station.
  2850 | D:3      | Noticed a sky beast
  3216 | D:3      | Found a sparkling altar of Nemelex Xobeh.
  3393 | D:4      | Reached skill level 4 in Axes
  3393 | D:4      | Reached skill level 2 in Invocations
  3393 | D:4      | Reached XP level 5. HP: 39/46 MP: 5/5
  3481 | D:4      | Reached skill level 3 in Invocations
  3545 | D:4      | Noticed an ogre
  3555 | D:4      | Killed an ogre
  3556 | D:4      | Reached XP level 6. HP: 52/52 MP: 7/7
  3961 | D:4      | Noticed Blork the orc
  3968 | D:4      | Killed Blork the orc
  3968 | D:4      | Reached *** piety under Makhleb
  3969 | D:4      | Reached skill level 5 in Axes
  3969 | D:4      | Reached skill level 4 in Invocations
  4310 | D:5      | Entered Level 5 of the Dungeon
  4324 | D:5      | Reached XP level 7. HP: 59/59 MP: 9/9
  4347 | D:5      | Reached skill level 5 in Invocations
  4485 | D:5      | Reached skill level 6 in Axes
  5043 | D:5      | Reached skill level 6 in Invocations
  5043 | D:5      | Reached XP level 8. HP: 66/66 MP: 11/11
  5347 | D:5      | Reached skill level 7 in Invocations
  5365 | D:5      | Reached skill level 7 in Axes
  5391 | D:5      | Found a staircase to the Ecumenical Temple.
  6139 | D:4      | Reached skill level 8 in Invocations
  6228 | D:5      | Reached XP level 9. HP: 41/71 MP: 14/14
  6378 | D:5      | Reached skill level 8 in Axes
  6390 | D:5      | Reached **** piety under Makhleb
  6845 | D:6      | Reached skill level 9 in Axes
  6861 | D:6      | Found an ornate altar of the Wu Jian Council.
  6861 | D:6      | Found a faded altar of an unknown god.
  6872 | D:6      | Found an iron altar of Okawaru.
  6874 | D:6      | Found an ancient bone altar of Kikubaaqudgha.
  6876 | D:6      | Found a basalt altar of Yredelemnul.
  7398 | D:6      | Got a smoking ring mail
  7409 | D:6      | Identified the +0 ring mail of Insecurity {Will+ rCorr
                  | Str+3} (You found it on level 6 of the Dungeon)
  7646 | D:7      | Reached skill level 10 in Axes
  7956 | D:7      | Got an ancient ring mail
  7967 | D:7      | Identified the +1 ring mail of the Demon Prince {rC+} (You
                  | found it on level 7 of the Dungeon)
  8299 | D:7      | Found a blossoming altar of Fedhas.
  8370 | D:7      | Reached ***** piety under Makhleb
  8526 | D:8      | Reached XP level 10. HP: 77/78 MP: 15/15
  8567 | D:8      | Found Doafaso's General Store.
  8623 | D:8      | Reached skill level 11 in Axes
  8644 | D:8      | Found Urphur's Jewellery Boutique.
  8668 | D:8      | Bought a +4 ring of protection for 576 gold pieces
  8785 | D:8      | Found Vint's Weapon Boutique.
  8800 | D:8      | Found Kuabyu's Book Boutique.
  8976 | D:8      | Found Vuas's Book Emporium.
  9253 | D:9      | Reached skill level 12 in Axes
  9519 | D:9      | Found Soras's General Store.
  9879 | D:10     | Entered Level 10 of the Dungeon
  9914 | D:10     | Noticed a cyclops
  9929 | D:10     | Killed a cyclops
  9930 | D:10     | Reached skill level 5 in Fighting
 10113 | D:10     | Found a portal to a secret trove of treasure.
 10360 | D:10     | Noticed a two-headed ogre
 10366 | D:10     | Killed a two-headed ogre
 10367 | D:10     | Reached skill level 9 in Invocations
 10367 | D:10     | Reached XP level 11. HP: 81/89 MP: 16/16
 10407 | D:10     | Found a staircase to the Orcish Mines.
 10602 | D:10     | Reached skill level 6 in Fighting
 10865 | D:11     | Noticed Zentennen's ghost (journeyman OpTm)
 10966 | D:11     | Noticed a two-headed ogre
 10980 | D:11     | Killed a two-headed ogre
 11021 | D:11     | Noticed a two-headed ogre
 11029 | D:11     | Killed a two-headed ogre
 11089 | D:11     | Reached skill level 7 in Fighting
 11119 | D:11     | Noticed a cyclops
 11140 | D:11     | Killed a cyclops
 11185 | D:11     | Found a runed translucent gate.
 11185 | D:11     | Found a runed translucent gate.
 11185 | D:11     | Found a runed translucent gate.
 11273 | D:11     | Found a staircase to the Lair.
 11354 | D:11     | Noticed a cyclops
 11361 | D:11     | Killed a cyclops
 11362 | D:11     | Reached skill level 10 in Invocations
 11600 | D:11     | Killed Zentennen's ghost
 11702 | D:12     | Noticed a white ugly thing
 11722 | D:12     | Noticed a white ugly thing
 11723 | D:12     | Noticed an eight-headed hydra
 11819 | D:12     | Noticed an Executioner
 11882 | D:10     | Killed a white ugly thing
 11883 | D:10     | Reached skill level 13 in Axes
 11923 | D:10     | Killed a white ugly thing
 12080 | D:11     | Killed a ten-headed hydra
 12081 | D:11     | Reached skill level 8 in Fighting
 12242 | D:12     | Noticed a boulder beetle
 12368 | D:12     | Noticed Nessos
 12454 | Lair:1   | Entered Level 1 of the Lair of Beasts
 12599 | Lair:1   | Reached XP level 12. HP: 53/103 MP: 19/19
 12601 | Lair:1   | HP: 8/103 [komodo dragon (24)]
 12619 | Lair:1   | HP: 2/103 [water moccasin (2)]
 12619 | Lair:1   | Demolished by a komodo dragon

Vanquished Creatures
  The ghost of Zentennen the Martial Artist, a journeyman OpTm of Hepliaklqana (D:11)
  3 two-headed ogres
  An ugly thing (D:10)
  2 cyclopes (D:11)
  A black mamba (Lair:1)
  4 trolls
  A hornet (D:11)
  A wraith (D:11)
  5 wyverns
  5 water moccasins
  A hornet zombie (D:8)
  4 ice beasts
  6 orc warriors
  3 sky beasts
  3 black bears
  3 centaurs
  10 ogres
  A wolf (D:5)
  2 phantoms
  Blork the orc (D:4)
  3 kobold brigands
  7 bullfrogs
  A gnoll sergeant (D:5)
  5 scorpions
  4 wights (D:6)
  A howler monkey (D:4)
  2 bullfrog zombies (D:12)
  A centaur zombie (D:5)
  2 quasits
  3 centaur skeletons
  7 hounds
  3 jellies
  9 orc priests
  A bullfrog skeleton (D:9)
  2 gnoll shamans (D:5)
  3 iguanas
  11 orc wizards
  5 worker ants
  A hound skeleton (D:5)
  2 worker ant zombies (D:5)
  5 gnolls (D:5)
  8 adders
  A howler monkey skeleton (D:6)
  3 shadow imps
  5 white imps
  A howler monkey simulacrum (D:11)
  6 ufetubi
  4 oozes
  2 adder skeletons
  An adder zombie (D:8)
  A worm (D:5)
  3 dart slugs
  3 leopard geckos
  35 orcs
  A ball python (D:4)
  7 giant cockroaches
  6 goblins
  10 hobgoblins
  12 jackals
  26 kobolds
  3 quokkas
  7 bats
  4 frilled lizards
  A jackal zombie (D:5)
  A leopard gecko skeleton (D:4)
  3 quokka skeletons
  A rat (D:2)
291 creatures vanquished.

Vanquished Creatures (collateral kills)
  A hydra (D:11)
  A cyclops (D:10)
  An ugly thing (D:10)
  4 ice beasts
  An ogre (D:11)
  A bullfrog simulacrum (D:11)
  An adder (D:4)
10 creatures vanquished.

Vanquished Creatures (others)
  5 fungi (D:11)
  7 plants (D:11)
12 creatures vanquished.

Grand Total: 313 creatures vanquished
